 Dungeon Crawl Stone Soup version 0.29.0-10-g45618ea6d2 (webtiles) character file.

Game seed: 5323435803406288680

11 NinjaNoafa the Sneak (level 2, -2/23 HPs)
             Began as a Gnoll Wanderer on Sept 1, 2022.
             Slain by a jackal (3 damage)
             ... on level 1 of the Dungeon.
             The game lasted 00:01:13 (494 turns).

NinjaNoafa the Sneak (Gnoll Wanderer)                Turns: 494, Time: 00:01:13

Health: -2/23      AC:  2    Str: 11    XL:     2   Next: 29%
Magic:  1/7        EV: 11    Int: 12    God:
Gold:   0          SH:  0    Dex: 10    Spells: 9/10 levels left

rFire   . . .      SeeInvis .   a - +0 dagger
rCold   . . .      Faith    .   (no shield)
rNeg    . . .      Spirit   .   f - +0 robe
rPois   .          Reflect  .   (no helmet)
rElec   .          Harm     .   (no cloak)
rCorr   .          Rampage  .   (no gloves)
Will    .....                   (no boots)
Stlth   +++.......              (no amulet)
HPRegen 0.07/turn               (no ring)
MPRegen 0.10/turn               (no ring)

@: very slightly contaminated
A: fangs 1, strong nose, distributed training
a: no special abilities


You were on level 1 of the Dungeon.
You visited 1 branch of the dungeon, and saw 1 of its levels.

Inventory:

Hand Weapons
 a - a +0 dagger (weapon)
Missiles
 b - an atropa-tipped dart
 c - a datura-tipped dart
 i - 4 stones
Armour
 f - a +0 robe (worn)
Wands
 d - a wand of flame (4)
Scrolls
 e - 2 scrolls of teleportation
Potions
 g - a potion of ambrosia {unknown}
 h - a potion of haste {unknown}
 j - a potion of cancellation {unknown}
 k - a potion of degeneration {unknown}


   Skills:
 + Level 2.5 Fighting
 + Level 0.4 Short Blades
 + Level 0.4 Long Blades
 + Level 0.4 Axes
 + Level 0.4 Maces & Flails
 + Level 0.4 Polearms
 + Level 0.4 Staves
 + Level 0.4 Ranged Weapons
 + Level 0.4 Throwing
 + Level 2.5 Armour
 + Level 0.4 Dodging
 + Level 5.9 Stealth
 + Level 0.4 Shields
 + Level 0.4 Unarmed Combat
 + Level 4.9 Spellcasting
 + Level 0.2 Conjurations
 + Level 0.2 Hexes
 + Level 0.2 Summonings
 + Level 0.2 Necromancy
 + Level 0.2 Translocations
 + Level 0.2 Transmutations
 + Level 0.2 Fire Magic
 + Level 0.2 Ice Magic
 + Level 2.0 Air Magic
 + Level 0.2 Earth Magic
 + Level 0.2 Poison Magic
 + Level 0.5 Invocations
 + Level 4.5 Evocations


You had 9 spell levels left.
You knew the following spells:

 Your Spells              Type           Power      Damage    Failure   Level
a - Shock                 Conj/Air       20%        1d4       13%         1

Your spell library contained the following spells:

 Spells                   Type           Power      Damage    Failure   Level
 Beastly Appendage        Tmut           6%         N/A       19%         1
 Wereblood                Tmut           3%         N/A       26%         2
 Mephitic Cloud           Conj/Pois/Air  5%         N/A       38%         3
 Spider Form              Tmut/Pois      3%         N/A       47%         3


Dungeon Overview and Level Annotations

Branches:
Dungeon (1/15)

Altars:


Innate Abilities, Weirdness & Mutations

You have very sharp teeth.
Your uncanny sense of smell can sniff out nearby items.
Your experience applies equally to all skills.


Message History

The jackal barely misses you. The jackal closely misses you.
Casting: Shock (safe; 13% risk of failure)
Confirm with . or Enter, or press ? or * to list all spells.
Aiming: Shock (safe; 13% risk of failure)
Press: ? - help, Shift-Dir - straight line, f/p - jackal
Aim: a jackal (moderately wounded, 55% to hit)
The zap hits the jackal.
The jackal is severely wounded.
The zap hits the jackal.
You kill the jackal!
The jackal bites you. The jackal closely misses you.
You barely miss the jackal.
The jackal is severely wounded.
The jackal closely misses you. The jackal bites you. The jackal misses you.
The jackal closely misses you.
You miss the jackal.
The jackal is severely wounded.
The jackal barely misses you. x2
Casting: Shock (safe; 13% risk of failure)
Confirm with . or Enter, or press ? or * to list all spells.
Aiming: Shock (safe; 13% risk of failure)
Press: ? - help, Shift-Dir - straight line, f/p - jackal
Aim: a jackal (severely wounded, 55% to hit)
The zap misses the jackal.
The jackal bites you but does no damage.
The jackal bites you.
* * * LOW HITPOINT WARNING * * *
Casting: Shock (safe; 13% risk of failure)
Confirm with . or Enter, or press ? or * to list all spells.
Aiming: Shock (safe; 13% risk of failure)
Press: ? - help, Shift-Dir - straight line, f/p - jackal
Aim: a jackal (severely wounded, 55% to hit)
The zap misses the jackal.
The jackal bites you.
* * * LOW HITPOINT WARNING * * *
The jackal bites you.
* * * LOW HITPOINT WARNING * * *
The jackal bites you but does no damage.
The jackal closely misses you. The jackal attacks as you move away!
The jackal bites you.
You die...

.# ## #.# ###. #.# #$..# #.#
###....# #.# #.......# #.#
## .##....####.####### ..
#>....).†(h@.......# #.
#.##....####h#####. #.
#...............# ##. #.
#....:....##.#.## ... #.
..(.......#..#.# #.. #.
..........#b## # #.### #
..........#. #.#.#####
....#####.##########.#......
... ##.......#.##).......


You could see 2 jackals.

Vanquished Creatures
  2 ball pythons (D:1)
  A giant cockroach (D:1)
  2 goblins (D:1)
  A hobgoblin (D:1)
  2 jackals (D:1)
  A bat (D:1)
  A rat (D:1)
10 creatures vanquished.

Notes
Turn   | Place    | Note
-------+----------+-------------------------------------------
     0 | D:1      | NinjaNoafa the Gnoll Wanderer began the quest for the Orb.
     0 | D:1      | NinjaNoafa set off with the following items: a +0 dagger, 2
                  | atropa-tipped darts, a datura-tipped dart, a wand of flame
                  | (4), a scroll of teleportation, a +0 robe; and the
                  | following spell memorised: Shock; and the following spells
                  | available to memorise: Mephitic Cloud.
     0 | D:1      | Reached XP level 1. HP: 17/17 MP: 6/6
   440 | D:1      | Reached XP level 2. HP: 23/23 MP: 7/7
   493 | D:1      | HP: 1/23 [jackal (1)]
   494 | D:1      | Slain by a jackal

Illustrated notes

Levels and vault maps discovered:
D:1:      ncdulo_lavacross, layout_basic

Skill      XL: |  1 |
---------------+----+-----
Air Magic      | 2 |  2.0
Fighting       | |  2.5
Short Blades   | |  0.4
Long Blades    | |  0.4
Axes           | |  0.4
Maces & Flails | |  0.4
Polearms       | |  0.4
Staves         | |  0.4
Ranged Weapons | |  0.4
Throwing       | |  0.4
Armour         | |  2.5
Dodging        | |  0.4
Stealth        | |  5.9
Shields        | |  0.4
Unarmed Combat | |  0.4
Spellcasting   | |  4.9
Conjurations   | |  0.2
Hexes          | |  0.2
Summonings     | |  0.2
Necromancy     | |  0.2
Translocations | |  0.2
Transmutations | |  0.2
Fire Magic     | |  0.2
Ice Magic      | |  0.2
Earth Magic    | |  0.2
Poison Magic   | |  0.2
Invocations    | |  0.5
Evocations     | |  4.5

Action                   || total
-------------------------++-------
Melee: Dagger            ||    26
       Bite              ||     5
Throw: Dart              ||     1
 Cast: Shock             ||     5
 Stab: Sleeping          ||     2
Armor: Robe              ||     9
Dodge: Dodged            ||    38
